 Dungeon Crawl Stone Soup version 0.21-a0-78-g82a99e0 (webtiles) character file.

145 grindst0ne the Shield-Bearer (level 5, 0/41 HPs)
             Began as a Formicid Fighter on June 21, 2017.
             Slain by Pikel
             ... wielding a +1 whip of flaming
              (2 damage)
             ... on level 4 of the Dungeon.
             The game lasted 00:05:35 (3231 turns).

grindst0ne the Shield-Bearer (Formicid Fighter)     Turns: 3231, Time: 00:05:36

Health: 0/41       AC:  9    Str: 20    XL:     5   Next: 53%
Magic:  5/5        EV:  6    Int:  8    God:
Gold:   116        SH: 10    Dex: 11    Spells: 4/4 levels left

rFire    . . .     SeeInvis +   a - +0 war axe
rCold    . . .     Gourm    .   c - +0 shield
rNeg     . . .     Faith    .   u - +0 chain mail
rPois    .         Spirit   .   (helmet unavailable)
rElec    .         Reflect  .   (no cloak)
rCorr    .         Harm     .   (no gloves)
MR       .....                  (no boots)
Stlth    ..........             (no amulet)
HPRegen  0.13/turn              (no ring)
MPRegen  0.09/turn              (no ring)

@: no status effects
A: permanent stasis, dig shafts and tunnels, four strong arms, antennae 3
a: Dig, Shaft Self


You were on level 4 of the Dungeon.
You were not hungry.

You visited 1 branch of the dungeon, and saw 4 of its levels.

You collected 116 gold pieces.

Inventory:

Hand Weapons
 a - a +0 war axe (weapon)
Armour
 b - a +0 scale mail
 c - a +0 shield (worn)
 u - a +0 chain mail (worn)
Jewellery
 r - an uncursed ring of magical power {unknown}
Scrolls
 i - a scroll of fear {unknown}
 l - a scroll of teleportation {unknown}
 n - a scroll of identify {unknown}
 o - 2 scrolls of recharging {unknown}
 p - a scroll of blinking {unknown}
 q - 5 scrolls of remove curse {unknown}
Potions
 d - a potion of might
 e - a potion of invisibility {unknown}
 j - a potion of haste {unknown}
 k - a potion of flight {unknown}
 m - 2 potions of curing {unknown}
 t - a potion of degeneration {unknown}
Comestibles
 f - 2 bread rations
 g - a royal jelly
 h - 3 meat rations


   Skills:
 - Level 3.2 Fighting
 - Level 2.0 Axes
 + Level 5.0 Armour
 + Level 5.6 Shields


You had 4 spell levels left.
You didn't know any spells.

Dungeon Overview and Level Annotations

Branches:
Dungeon (4/15)
 Temple: D:4-7

Altars:
Elyvilon
Fedhas
Nemelex Xobeh
Wu Jian

Annotations:
D:4 Pikel


Innate Abilities, Weirdness & Mutations

You cannot be hasted, slowed, berserked, paralysed or teleported.
You can dig through walls and to a lower floor.
Your four strong arms can wield two-handed weapons with a shield.
You have a pair of large antennae on your head. (SInv)


Message History

You hit Pikel but do no damage.
Pikel is severely wounded.
Pikel barely misses you. Pikel hits you with a whip of flaming!
Pikel burns you.
All of the chunks of flesh in your inventory have rotted away.
You closely miss Pikel.
Pikel is severely wounded.
Pikel barely misses you.
Your chain mail prevents you from hitting Pikel.
Pikel is severely wounded.
You block Pikel's attack. Pikel hits you with a whip of flaming.
* * * LOW HITPOINT WARNING * * *
Pikel burns you.
* * * LOW HITPOINT WARNING * * *
You hit Pikel but do no damage.
Pikel is heavily wounded.
Pikel hits you with a whip of flaming.
* * * LOW HITPOINT WARNING * * *
Pikel burns you.
You die...

### ##@# #K##
##{# #######{##
#.....#..#
#.....#{.#
#..<..#.{#
#...###..# #
.###...###..##..#


You could see Pikel.

Vanquished Creatures
  4 adders
  A gnoll (D:1)
  An ooze (D:2)
  2 worms (D:3)
  3 dart slugs
  10 orcs (D:3)
  A giant cockroach (D:2)
  10 goblins
  5 hobgoblins
  3 jackals (D:1)
  A quokka (D:2)
  A ball python (D:2)
  9 bats
  2 frilled lizards
  13 kobolds
  9 rats
75 creatures vanquished.

Vanquished Creatures (others)
  A plant (D:2)
1 creature vanquished.

Grand Total: 76 creatures vanquished

Notes
Turn   | Place    | Note
-------+----------+-------------------------------------------
     0 | D:1      | grindst0ne the Formicid Fighter began the quest for the Orb.
     0 | D:1      | Reached XP level 1. HP: 18/18 MP: 1/1
    77 | D:1      | Reached XP level 2. HP: 24/24 MP: 2/2
   290 | D:1      | Reached XP level 3. HP: 25/29 MP: 3/3
   584 | D:1      | Found a sparkling altar of Nemelex Xobeh.
  1016 | D:2      | Found a white marble altar of Elyvilon.
  1045 | D:2      | Reached XP level 4. HP: 34/35 MP: 4/4
  1667 | D:2      | Found an ornate altar of the Wu Jian Council.
  1677 | D:2      | Reached skill level 5 in Shields
  2068 | D:3      | Reached XP level 5. HP: 35/41 MP: 5/5
  2437 | D:3      | Reached skill level 5 in Armour
  3133 | D:3      | Found a blossoming altar of Fedhas.
  3188 | D:4      | Noticed a slave
  3189 | D:4      | Noticed Pikel
  3231 | D:4      | HP: 2/41 [Pikel/whip of flaming (6)]
  3231 | D:4      | Slain by Pikel

Vault maps used:
D:1:      minmay_arrival_five_plusses, nemelex_altar_shiori
D:2:      lemuel_round_altar, elyvilon_altar_3, roderic_lattice_a,
          lexackson_kobold_supper
D:3:      fedhas_altar_4, wad_orctagon
D:4:      serial_shops, nicolae_shop_window_shopping, uniq_pikel

Skill      XL: |  1  2  3  4  5 |
---------------+----------------+-----
Shields        | 4 5 |  5.6
Armour         | 4 5 |  5.0
Fighting       | |  3.2
Axes           | |  2.0

Action                   |  1- 3 |  4- 6 || total
-------------------------+-------+-------++-------
Melee: War axe           |   102 |   191 ||   293
 Abil: Dig               |     7 |     3 ||    10
  Eat: Chunk             |     1 |     8 ||     9
Armor: Scale mail        |    58 |    65 ||   123
       Chain mail        |       |    13 ||    13
Dodge: Dodged            |    46 |    83 ||   129
Block: Shield            |    58 |   118 ||   176
